 Dungeon Crawl Stone Soup version 0.19.5 (webtiles) character file.

9207 Darius099 the Basher (level 11, 0/68 HPs)
             Began as a Gargoyle Fighter on Mar 2, 2017.
             Was a High Priest of Okawaru.
             Succumbed to barbed spike wounds
             ... on level 10 of the Dungeon on Mar 3, 2017.
             The game lasted 00:57:09 (12424 turns).

Darius099 the Basher (Gargoyle Fighter)            Turns: 12424, Time: 00:57:10

Health: 0/68       AC: 27    Str: 20    XL:     11   Next: 42%
Magic:  2/2        EV:  8    Int: 12    God:    Okawaru [*****.]
Gold:   613        SH: 13    Dex: 14    Spells: 0 memorised, 10 levels left

rFire  + . .     SeeInvis .     z - +3 flail (protect)
rCold  + + +     Gourm    .     h - +0 chain mail
rNeg   + . .     Faith    .     c - +1 shield
rPois  ∞         Spirit   .     f - +1 hat {MR+}
rElec  +         Reflect  .     o - +0 cloak
rCorr  .         Harm     .     (no gloves)
MR     +....                    (no boots)
Stlth  ..........               y - amulet of rage
                                a - ring "Xelextyts" {rF+ rC+++ MP-9 Int+3 Dex+2}
                                i - ring of protection from cold

@: barbed spikes, protection aura
A: negative energy resistance 1, electricity resistance, unbreathing,
petrification resistance, rot immunity, AC +7
a: Heroism, Finesse, Renounce Religion, Evoke Berserk Rage


You were on level 10 of the Dungeon.
You worshipped Okawaru.
Okawaru was extremely pleased with you.
You were not hungry.

You visited 2 branches of the dungeon, and saw 11 of its levels.

You collected 613 gold pieces.

Inventory:

Hand Weapons
 z - a +3 flail of protection (weapon)
Armour
 c - a +1 shield (worn)
 f - a +1 hat of magic resistance (worn)
 h - a +0 chain mail (worn)
 o - a +0 cloak (worn)
Jewellery
 a - the ring "Xelextyts" (right hand) {rF+ rC+++ MP-9 Int+3 Dex+2}
   (You found it on level 6 of the Dungeon)

   [ring of protection from fire]

   It affects your intelligence (+3).
   It affects your dexterity (+2).
   It protects you from fire.
   It renders you almost immune to cold.
   It affects your magic capacity (-9).
 i - a ring of protection from cold (left hand)
 r - an uncursed ring of ice
 y - an amulet of rage (around neck)
Wands
 j - a wand of random effects (23/48)
 A - a wand of confusion (6/48)
Scrolls
 b - 4 scrolls of magic mapping
 e - 7 scrolls of identify
 g - 3 scrolls of recharging
 k - 3 scrolls of blinking
 l - 2 scrolls of enchant armour
 m - 3 scrolls of teleportation
 s - a scroll of remove curse
 x - a scroll of noise
Potions
 d - 6 potions of might
 n - 2 potions of heal wounds
 t - a potion of degeneration {unknown}
 u - a potion of brilliance {unknown}
 v - a potion of curing {unknown}
 w - 2 potions of flight {unknown}
 C - a potion of agility {unknown}
Books
 D - a book of Misfortune

   Spells                             Type                      Level
   a - Confusing Touch                Hexes                        1
   b - Confuse                        Hexes                        3
   c - Gell's Gravitas                Hexes/Translocation          3
   d - Petrify                        Transmutation/Earth          4
   e - Metabolic Englaciation         Hexes/Ice                    5
   f - Yara's Violent Unravelling     Hexes/Transmutation          5
Miscellaneous
 E - a disc of storms
Comestibles
 p - 3 fruits
 q - 6 meat rations


   Skills:
 + Level 8.1 Fighting
 + Level 11.4 Maces & Flails
 + Level 8.0 Armour
 + Level 3.3 Dodging
 + Level 2.1 Stealth
 + Level 9.7 Shields
 + Level 0.2 Invocations


You had 10 spell levels left.
You didn't know any spells.

Dungeon Overview and Level Annotations

Branches:
Dungeon (10/15)            Temple (1/1) D:4
   Lair: D:8-11         Orc: D:9-12

Altars:
Ashenzari
Cheibriados
Dithmenos
Elyvilon
Fedhas
Gozag
Hepliaklqana
Kikubaaqudgha
Makhleb
Nemelex Xobeh
Okawaru
Qazlal
Ru
Sif Muna
Trog
Uskayaw
Vehumet
Xom
Yredelemnul
Zin
The Shining One

Shops:
D:10 =


Innate Abilities, Weirdness & Mutations

You are resistant to torment.
Your stone body is resilient. (AC +7)
You are immune to poison.
You resist negative energy. (rN+)
You are resistant to electric shocks. (rElec)
You can survive without breathing.
You are immune to petrification.
You are immune to rotting.


Message History

The orc wizard mumbles some strange words.
The orc wizard seems to speed up.
The orc completely misses you. Something completely misses you.
You hit the manticore.
The manticore is lightly wounded.
The orc wizard hits you but does no damage.
The manticore bites you!
The manticore claws you but does no damage. x2
You block the orc's attack. Something hits you but does no damage.
You block the orc wizard's attack.
The barbed spikes dig painfully into your body as you move.
The manticore flicks its tail.
The volley of spikes hits you!
The barbed spikes become lodged in your body.
* * * LOW HITPOINT WARNING * * *
You block the orc's attack.
The barbed spikes dig painfully into your body as you move.
* * * LOW HITPOINT WARNING * * *
The barbed spikes dig painfully into your body as you move.
You die...

(...(......................
...........................
..............$..........#.
...#.....................##
..#........................
.........H.................
.........o....#............
#.......o....##............
##.#......@....<.#.........
# ##...........##.........
..............##.).......
..#....##......)..)......
#...............)..####...
##.................# ##..
#....###.#.........# #..
.#.. #..#.........# #.. .#
#.#.#...(..###..


You could see a manticore, an orc wizard and an orc.

Vanquished Creatures
  Gastronok (D:8)
  Psyche (D:9)
  The ghost of bande the Chopper, a novice MiFi (D:4)
  A gargoyle (D:9)
  The ghost of Saba the Archer, a novice CeHu (D:5)
  2 trolls (D:9)
  A hornet (D:9)
  A two-headed ogre (D:8)
  A hippogriff (D:9)
  A hungry ghost (D:9)
  Menkaure (D:4)
  2 orc warriors (D:6)
  2 water moccasins (D:5)
  3 ice beasts
  3 sky beasts
  A black bear (D:9)
  The ghost of pr1on1c the Ducker, an amateur TrWz (D:3)
  4 ogres
  2 phantoms
  A hornet zombie (D:9)
  4 centaurs
  2 big kobolds (D:4)
  6 bullfrogs
  5 killer bees
  3 scorpions (D:7)
  18 wights
  A crimson imp (D:7)
  3 howler monkeys (D:9)
  4 orc priests
  7 hounds
  2 jellies
  9 orc wizards
  2 bullfrog skeletons (D:5)
  An iguana (D:9)
  10 worker ants
  A hound skeleton (D:5)
  A howler monkey zombie (D:8)
  A worker ant zombie (D:9)
  8 gnolls
  9 adders
  2 shadow imps
  4 oozes
  4 adder zombies
  An adder skeleton (D:6)
  2 worms (D:3)
  3 dart slugs
  5 leopard geckos
  16 orcs
  9 bats
  4 giant cockroaches
  4 goblins
  7 hobgoblins
  19 jackals
  13 kobolds
  2 quokkas
  A ball python (D:3)
  4 frilled lizards
  3 quokka zombies
  16 rats
  A bush (D:1)
248 creatures vanquished.

Notes
Turn   | Place    | Note
-------+----------+-------------------------------------------
     0 | D:1      | Darius099 the Gargoyle Fighter began the quest for the Orb.
     0 | D:1      | Reached XP level 1. HP: 14/14 MP: 1/1
    72 | D:1      | Reached XP level 2. HP: 19/19 MP: 2/2
   771 | D:1      | Reached XP level 3. HP: 23/23 MP: 3/3
  1581 | D:3      | Noticed pr1on1c's ghost (amateur TrWz)
  2289 | D:3      | Reached XP level 4. HP: 28/28 MP: 4/4
  2311 | D:3      | Killed pr1on1c's ghost
  2311 | D:3      | Reached skill level 3 in Maces & Flails
  2311 | D:3      | Reached XP level 5. HP: 24/33 MP: 5/5
  2940 | D:4      | Noticed bande's ghost (novice MiFi)
  2950 | D:4      | Reached skill level 4 in Maces & Flails
  3517 | D:4      | Noticed Menkaure
  3531 | D:4      | Killed Menkaure
  3531 | D:4      | Reached XP level 6. HP: 5/38 MP: 6/6
  4034 | D:4      | Reached skill level 1 in Dodging
  4049 | D:4      | Reached skill level 5 in Maces & Flails
  4049 | D:4      | Reached skill level 5 in Armour
  4049 | D:4      | Reached XP level 7. HP: 39/44 MP: 7/7
  4167 | D:4      | Killed bande's ghost
  4167 | D:4      | Reached skill level 5 in Shields
  4526 | D:4      | Reached skill level 6 in Maces & Flails
  4526 | D:4      | Reached XP level 8. HP: 41/48 MP: 8/8
  4936 | D:4      | Found a staircase to the Ecumenical Temple.
  4990 | Temple   | Entered the Ecumenical Temple
  5115 | Temple   | Became a worshipper of Warmaster Okawaru
  5553 | D:5      | Entered Level 5 of the Dungeon
  5771 | D:5      | Reached * piety under Okawaru
  5816 | D:5      | Noticed Saba's ghost (novice CeHu)
  5859 | D:5      | Killed Saba's ghost
  5859 | D:5      | Reached skill level 5 in Fighting
  5859 | D:5      | Reached skill level 7 in Maces & Flails
  5878 | D:5      | Found an iron altar of Okawaru.
  6023 | D:5      | Reached XP level 9. HP: 51/54 MP: 9/9
  6431 | D:6      | Reached skill level 8 in Maces & Flails
  7076 | D:6      | Reached ** piety under Okawaru
  7454 | D:6      | Got a fine brass ring
  7461 | D:6      | Identified the ring "Xelextyts" {rF+ rC+++ MP-9 Int+3 Dex+2} (You found it on level 6 of the Dungeon)
  7753 | D:6      | HP: 2/55 [orc priest/divine providence (13)]
  7993 | D:7      | Reached skill level 1 in Stealth
  8020 | D:7      | Reached skill level 9 in Maces & Flails
  8020 | D:7      | Reached XP level 10. HP: 43/60 MP: 1/10
  8702 | D:8      | Noticed Gastronok
  8943 | D:8      | Killed Gastronok
  8943 | D:8      | Reached *** piety under Okawaru
  8943 | D:8      | Reached **** piety under Okawaru
  8943 | D:8      | Reached skill level 10 in Maces & Flails
  9761 | D:8      | Found a blossoming altar of Fedhas.
  9761 | D:8      | Found a white marble altar of Elyvilon.
  9849 | D:8      | Found a snail-covered altar of Cheibriados.
  9855 | D:8      | Found an opulent altar of Gozag.
  9964 | D:8      | Found a deep blue altar of Sif Muna.
  9965 | D:8      | Found a bloodstained altar of Trog.
  9966 | D:8      | Found a stormy altar of Qazlal.
 10367 | D:9      | Noticed a gargoyle
 10724 | D:9      | Killed a gargoyle
 10724 | D:9      | Reached XP level 11. HP: 42/67 MP: 2/11
 11114 | D:9      | Reached skill level 11 in Maces & Flails
 11132 | D:9      | Reached ***** piety under Okawaru
 11178 | D:9      | Noticed Psyche
 11189 | D:9      | Killed Psyche
 12218 | D:10     | Entered Level 10 of the Dungeon
 12277 | D:10     | Found Diof's Jewellery Emporium.
 12408 | D:10     | Noticed a manticore
 12424 | D:10     | Succumbed to barbed spike wounds

Skill      XL: |  1  2  3  4  5  6  7  8  9 10 11 |
---------------+----------------------------------+-----
Maces & Flails | 3 4 5 6 7 9 10 11 | 11.4
Armour         | 4 5 6 7 8 |  8.0
Shields        | 4 5 6 7 9 |  9.7
Fighting       | 4 5 6 7 8 |  8.1
Dodging        | 1 2 3 |  3.3
Stealth        | 1 2 |  2.1
Invocations    | |  0.2

Action                   |  1- 3 |  4- 6 |  7- 9 | 10-12 || total
-------------------------+-------+-------+-------+-------++-------
Melee: Flail             |   246 |   169 |   505 |   485 ||  1405
Invok: Heroism           |       |       |     2 |       ||     2
  Use: Scroll            |       |       |    10 |     1 ||    11
       Potion            |       |       |     1 |       ||     1
  Eat: Bread ration      |     1 |     2 |     3 |     1 ||     7
       Fruit             |       |       |       |     9 ||     9
       Pizza             |       |       |       |     1 ||     1
Armor: Scale mail        |    96 |       |       |       ||    96
       Chain mail        |    44 |   111 |   231 |   234 ||   620
Dodge: Dodged            |    59 |    33 |    97 |   124 ||   313
Block: Shield            |   100 |    97 |   258 |   262 ||   717
